 Dungeon Crawl Stone Soup version 0.30-a0-760-g5a9884bb7c (webtiles) character file.

Game seed: 1659339382355941337

105 Twinkles the Conjurer (level 4, -3/27 HPs)
             Began as a Tengu Reaver on Feb 11, 2023.
             Slain by Terence
             ... wielding a +0 flail
              (10 damage)
             ... on level 2 of the Dungeon.
             The game lasted 00:06:18 (1899 turns).

Twinkles the Conjurer (Tengu Reaver)                Turns: 1899, Time: 00:06:19

Health: -3/27      AC:  3    Str: 13    XL:     4   Next: 83%
Magic:  8/8        EV: 12    Int: 15    God:
Gold:   54         SH:  0    Dex: 12    Spells: 7/8 levels left

rFire   . . .      SeeInvis .    a - +0 short sword
rCold   . . .      Faith    .    (no shield)
rNeg    . . .      Spirit   .    b - +0 leather armour
rPois   .          Reflect  .    (helmet restricted)
rElec   .          Harm     .    (no cloak)
rCorr   .          Rampage  .    (no gloves)
Will    .....                    (boots unavailable)
Stlth   +                        (no amulet)
HPRegen 0.24/turn                (no ring)
MPRegen 0.11/turn                (no ring)

@: no status effects
A: beak, talons 3
a: no special abilities


You were on level 2 of the Dungeon.
You visited 1 branch of the dungeon, and saw 2 of its levels.

You collected 54 gold pieces.

Inventory:

Hand Weapons
 a - a +0 short sword (weapon)
Armour
 b - a +0 leather armour (worn)
Scrolls
 c - 5 scrolls of identify {unknown}
 d - a scroll of silence {unknown}
 f - a scroll of fear {unknown}
 g - a scroll of noise {unknown}
 Y - a scroll of teleportation
Potions
 h - a potion of lignification {unknown}
 i - a potion of mutation {unknown}
 j - a potion of attraction {unknown}
 J - 2 potions of curing


   Skills:
 + Level 2.7 Fighting
 + Level 3.9 Short Blades
 + Level 3.0 Dodging
 + Level 2.6 Spellcasting
 + Level 4.8 Conjurations


You had 7 spell levels left.
You knew the following spells:

 Your Spells              Type           Power      Damage    Failure   Level
a - Kiss of Death         Conj/Necr      36%        2d8       10%         1

Your spell library contained the following spells:

 Spells                   Type           Power      Damage    Failure   Level
 Momentum Strike          Conj/Tloc      18%        3d8       14%         2
 Hailstorm                Conj/Ice       9%         3d4       28%         3


Dungeon Overview and Level Annotations

Branches:
Dungeon (2/15) Zot: 10071

Altars:

Annotations:
D:2 Terence


Innate Abilities, Weirdness & Mutations

You have a beak for a mouth.
You have claws for feet.


Message History

Terence looks scornfully at you. Terence hits you but does no damage.
You closely miss Terence. Your kick misses Terence.
Terence is moderately wounded.
Terence closely misses you. Terence attacks as you move away!
Terence hits you with a +0 flail!
* * * LOW HITPOINT WARNING * * *
You hit Terence but do no damage. Your peck misses Terence.
Terence is moderately wounded.
You barely miss Terence.
Terence is moderately wounded.
Terence closely misses you.
You hit Terence but do no damage. You claw Terence. You peck Terence.
Terence is heavily wounded.
Terence closely misses you.
You barely miss Terence. You peck Terence, but do no damage.
Terence is heavily wounded.
Terence misses you.
You completely miss Terence. Your peck misses Terence.
Terence is heavily wounded.
Terence hits you with a +0 flail.
* * * LOW HITPOINT WARNING * * *
You hit Terence. Your kick misses Terence. You peck Terence.
Terence is severely wounded.
Terence closely misses you.
You hit Terence but do no damage. You claw Terence, but do no damage.
Terence is severely wounded.
You hit Terence. You peck Terence.
Terence is almost dead.
Terence drinks a potion.
Terence is healed!
J - 2 potions of curing The giant cockroach waves its antennae.
You hit Terence but do no damage. You claw Terence, but do no damage.
Terence is heavily wounded.
A rat comes into view.
Terence barely misses you.
You hit Terence. Your kick misses Terence.
Terence is severely wounded.
Terence hits you with a +0 flail!
You die...

#.# #......# #.# ###.####
.# #. ..# #.# .##.. ###
##.# ###.#r.# .#
#..##......## .#
#.##..#.....# .##
###.#..#.......
..#########...#.##.......
..........)|....@@B......
....###..#####.####.....#
.....##.#####..# ....#
......#.#.....## ....
..........##### ...
.........## .. .........#
# .........# ....###.##


You could see Terence, a giant cockroach and a rat.

Vanquished Creatures
  Jessica (D:2)
  3 adders (D:2)
  2 worms (D:2)
  A dart slug (D:2)
  4 bats
  7 endoplasms
  2 giant cockroaches (D:1)
  A goblin (D:1)
  7 hobgoblins
  3 kobolds
  3 quokkas (D:1)
  4 ball pythons
  3 frilled lizards
  2 rats (D:1)
43 creatures vanquished.

Vanquished Creatures (others)
  10 plants (D:1)
10 creatures vanquished.

Grand Total: 53 creatures vanquished

Notes
Turn   | Place    | Note
-------+----------+-------------------------------------------
     0 | D:1      | Twinkles the Tengu Reaver began the quest for the Orb.
     0 | D:1      | Reached XP level 1. HP: 12/12 MP: 4/4
    98 | D:1      | Reached XP level 2. HP: 16/17 MP: 6/6
   560 | D:1      | Reached XP level 3. HP: 21/21 MP: 7/7
  1304 | D:2      | Noticed Jessica
  1322 | D:2      | Reached XP level 4. HP: 9/27 MP: 8/8
  1322 | D:2      | HP: 7/27 [poisoned by an adder]
  1327 | D:2      | HP: 3/27 [poisoned by an adder]
  1329 | D:2      | HP: 1/27 [poisoned by an adder]
  1371 | D:2      | HP: 8/27 [worm (3)]
  1487 | D:2      | Killed Jessica
  1783 | D:2      | HP: 7/27 [hobgoblin/staff of cold (2)]
  1881 | D:2      | Noticed Terence
  1889 | D:2      | HP: 8/27 [Terence/+0 flail (7)]
  1894 | D:2      | HP: 6/27 [Terence/+0 flail (3)]
  1899 | D:2      | Slain by Terence

Illustrated notes

Levels and vault maps discovered:
D:1:      minmay_arrival_stair_chambers, layout_loops_ring, hex_large,
          hangedman_feature_mirror, serial_bayou_lake_a
D:2:      layout_rooms, lightli_corner_chamber, uniq_jessica, uniq_terence

Skill      XL: |  1  2  3  4 |
---------------+-------------+-----
Dodging        | 3 |  3.0
Fighting       | |  2.7
Short Blades   | |  3.9
Spellcasting   | |  2.6
Conjurations   | |  4.8

Action                     |  1- 3 |  4- 6 || total
---------------------------+-------+-------++-------
  Melee: Short sword       |   100 |    52 ||   152
         Kick              |    21 |    13 ||    34
         Peck              |    10 |     7 ||    17
    Use: Scroll            |     1 |       ||     1
 Armour: Leather armour    |    10 |    12 ||    22
  Dodge: Dodged            |    44 |    41 ||    85

Table legend: (Time is in decaauts)
 A = Elapsed time spent in this place.
 B = Non-inter-level travel time spent in this place.
 C = Inter-level travel time spent in this place.
 D = Time resting spent in this place.
 E = Time spent auto-exploring this place.
 F = Levels seen in this place.
 G = Mean time per level.
                   A        B        C        D        E       F      G
               +--------+--------+--------+--------+--------+-----+--------+
         Total |   1927 |   1813 |    114 |    200 |   1194 |   2 |  963.5 |
       Dungeon |   1927 |   1813 |    114 |    200 |   1194 |   2 |  963.5 |
               +--------+--------+--------+--------+--------+-----+--------+

Top non-repeatable levels by time:
     D:1: 1121 daAuts
     D:2: 806 daAuts
